 Dungeon Crawl Stone Soup version 0.17-a0-719-g32c6a46 (webtiles) character file.

4136 panicbit the Blocker (level 10, 0/88 HPs)
             Began as a Minotaur Fighter on Apr 20, 2015.
             Was a Priest of Okawaru.
             Slain by an orc knight
             ... wielding a +0 great sword
              (22 damage)
             ... on level 8 of the Dungeon.
             The game lasted 00:34:00 (7371 turns).

panicbit the Blocker (Minotaur Fighter)             Turns: 7371, Time: 00:34:01

Health: 0/88       AC: 10    Str: 22    XL:     10   Next: 6%
Magic:  9/9        EV: 10    Int:  5    God:    Okawaru [***...]
Gold:   299        SH: 20    Dex: 12    Spells: 0 memorised, 9 levels left

rFire  . . .     SeeInvis .     H - +1 war axe (venom)
rCold  + . .     Clarity  .     b - +0 scale mail
rNeg   . . .     SustAb   +     g - +2 large shield
rPois  .         Gourm    .     (helmet restricted)
rElec  .         Spirit   .     (no cloak)
rCorr  .         Warding  .     k - +0 pair of gloves
rMut   .         Stasis   .     G - +0 pair of boots
MR     .....                    (no amulet)
Stlth  ..........               I - ring of sustain abilities
                                r - ring of protection from cold

@: not resistant to hostile enchantments, extremely unstealthy
A: retaliatory headbutt, horns 2
a: Heroism, Renounce Religion


You were on level 8 of the Dungeon.
You worshipped Okawaru.
Okawaru was most pleased with you.
You were not hungry.

You visited 2 branches of the dungeon, and saw 9 of its levels.
You also visited: Sewer.

You collected 537 gold pieces.
You spent 238 gold pieces at shops.

Inventory:

Hand weapons
 a - a +0 war axe
 D - a +0 mace
 H - a +1 war axe of venom (weapon)
 Q - a +0 flail
Armour
 b - a +0 scale mail (worn)
 c - a +0 shield
 g - a +2 large shield (worn)
 k - a +0 pair of gloves (worn)
 G - a +0 pair of boots (worn)
Jewellery
 r - a ring of protection from cold (left hand)
 I - a ring of sustain abilities (right hand)
Magical devices
 w - a wand of random effects (17)
 E - a wand of disintegration (8)
 O - a wand of teleportation (8)
Scrolls
 f - 2 scrolls of recharging {unknown}
 i - 10 scrolls of identify
 j - 3 scrolls of remove curse
 o - 3 scrolls of enchant weapon
 p - 2 scrolls of immolation {unknown}
 q - 3 scrolls of teleportation
 s - 2 scrolls of fear {unknown}
 t - a scroll of acquirement {unknown}
 u - a scroll of blinking {unknown}
 y - a scroll of random uselessness {unknown}
 C - 4 scrolls of vulnerability {unknown}
 F - a scroll of magic mapping {unknown}
 L - 3 scrolls of fog {unknown}
Potions
 e - 3 potions of might
 h - a potion of magic {unknown}
 l - 3 potions of curing
 v - 4 potions of brilliance {unknown}
 x - a potion of heal wounds {unknown}
 A - a potion of berserk rage {unknown}
 B - a potion of degeneration {unknown}
 J - a potion of lignification {unknown}
 K - a potion of invisibility {unknown}
 N - a potion of poison {unknown}
Comestibles
 d - 9 bread rations
 m - a royal jelly
 n - 17 fruits
 z - a meat ration
 M - a beef jerky
 P - 7 chunks of flesh


   Skills:
 + Level 7.8 Fighting
 + Level 8.5 Axes
 + Level 7.2 Armour
 + Level 6.0 Dodging
 + Level 1.2 Stealth
 + Level 10.5 Shields


You had 9 spell levels left.
You didn't know any spells.

Dungeon Overview and Level Annotations

Branches:
Dungeon (8/15)             Temple (1/1) D:5
   Lair: D:8-11

Altars:
Ashenzari
Cheibriados
Dithmenos
Elyvilon
Fedhas
Gozag
Kikubaaqudgha
Makhleb
Okawaru
Qazlal
Ru
Sif Muna
Trog
Vehumet
Xom
Yredelemnul
Zin
The Shining One

Shops:
D:6 *

Annotations:
D:8 exclusion: door


Innate Abilities, Weirdness & Mutations

You reflexively headbutt those who attack you in melee.
You have a pair of horns on your head.


Message History

You closely miss the orc.
The orc is lightly wounded.
You hit the orc warrior but do no damage.
The orc warrior is poisoned.
The orc warrior hits you with a long sword.
The orc warrior closely misses you. The orc hits you but does no damage.
You hit the orc knight but do no damage.
The orc knight is heavily wounded.
You hit the orc warrior but do no damage.
You slash the orc!
You kill the orc!
You block the orc warrior's attack. You block the orc knight's attack.
The orc warrior hits you from afar with a glaive!!
* * * LOW HITPOINT WARNING * * *
Drink which item? (? for menu, Esc to quit)
You feel better. You block the orc warrior's attack.
The orc knight roars a battlecry!
The orc goes into a battle-frenzy!
The orc knight hits you with a great sword!!
You die...

≈≈# ≈≈# ## ≈≈### ..'. #### ≈≈≈.#
..# #..########≈≈≈.### ...#
.......##..≈≈≈.#.##''##..
.......#...≈≈≈.#.ooo.....#
...........≈≈≈.#oo[o......
...........≈≈≈.#@##''#####
...........≈≈≈.### o.#
#....##....≈≈≈.# .#
####..#....≈≈###+ '. .
#####......≈≈# ..# # ### #''' ..#
##.....≈≈# o.#. ...........
..####.....≈≈#####≈≈ ≈≈≈≈≈≈≈≈≈...
...##......≈≈≈≈≈≈≈≈≈≈≈≈≈≈≈≈≈≈≈...
....#......≈≈≈≈≈≈≈≈≈≈≈≈≈≈≈≈≈≈≈...


You could see an orc knight, 2 orc warriors and 3 orcs.

Vanquished Creatures
  Pikel (D:7)
  4 wargs (D:8)
  A phantom (D:4)
  A slave (D:7)
  An ice beast (D:6)
  An orc warrior (D:7)
  2 centaurs
  A crocodile (D:7)
  5 ogres
  Blork the orc (D:4)
  A gnoll sergeant (D:6)
  4 big kobolds
  2 giant frogs
  A wyvern zombie (D:7)
  9 killer bees
  5 crimson imps
  A jelly (D:7)
  A gnoll shaman (D:6)
  4 hounds
  2 giant frog skeletons (D:4)
  3 orc wizards (D:6)
  2 orc priests (D:4)
  3 iguanas
  6 worker ants
  A killer bee zombie (D:6)
  14 adders
  14 gnolls
  A shadow imp (D:8)
  6 oozes
  An adder zombie (D:5)
  4 worms
  21 orcs
  3 ball pythons
  A bat zombie (D:8)
  7 giant cockroaches
  20 hobgoblins
  8 jackals
  2 quokkas
  15 bats
  4 giant geckos
  4 giant newts
  11 goblins
  19 kobolds
  2 quokka skeletons
  15 rats
235 creatures vanquished.

Vanquished Creatures (others)
  A crimson imp (D:7)
  A giant newt (D:7)
  A giant spore (D:7)
3 creatures vanquished.

Grand Total: 238 creatures vanquished

Notes
Turn   | Place    | Note
--------------------------------------------------------------
     0 | D:1      | panicbit, the Minotaur Fighter, began the quest for the Orb.
     0 | D:1      | Reached XP level 1. HP: 19/19 MP: 0/0
   266 | D:1      | Reached XP level 2. HP: 25/27 MP: 1/1
   286 | D:1      | Reached skill level 4 in Fighting
  1066 | D:2      | Reached XP level 3. HP: 33/33 MP: 2/2
  1168 | D:2      | Reached skill level 1 in Dodging
  1457 | D:3      | Found an opulent altar of Gozag.
  1552 | D:3      | Reached XP level 4. HP: 41/41 MP: 3/3
  2173 | D:4      | Reached XP level 5. HP: 45/47 MP: 4/4
  2217 | D:4      | Noticed an ogre
  2227 | D:4      | Killed an ogre
  2227 | D:4      | Reached skill level 5 in Shields
  2448 | D:4      | Found a glowing drain.
  2449 | D:4      | Noticed a giant frog
  2458 | D:4      | Killed a giant frog
  2458 | D:4      | Reached XP level 6. HP: 47/55 MP: 5/5
  2468 | D:4      | Reached skill level 5 in Fighting
  2499 | Sewer    | Entered a sewer
  2704 | Sewer    | Reached skill level 5 in Armour
  2704 | Sewer    | Reached skill level 6 in Shields
  2704 | Sewer    | Reached XP level 7. HP: 59/61 MP: 6/6
  2807 | D:4      | Noticed a phantom
  2837 | D:4      | Killed a phantom
  2837 | D:4      | Reached skill level 5 in Axes
  3320 | D:4      | Reached skill level 7 in Shields
  3327 | D:4      | Noticed Blork the orc
  3337 | D:4      | Killed Blork the orc
  3446 | D:4      | Found a stormy altar of Qazlal.
  3526 | D:4      | Found a deep blue altar of Sif Muna.
  3612 | D:4      | Found a snail-covered altar of Cheibriados.
  3614 | D:4      | Found a glowing golden altar of the Shining One.
  3766 | D:5      | Entered Level 5 of the Dungeon
  4040 | D:5      | Reached XP level 8. HP: 70/70 MP: 7/7
  4200 | D:5      | Found a staircase to the Ecumenical Temple.
  4236 | Temple   | Entered the Ecumenical Temple
  4288 | Temple   | Became a worshipper of Warmaster Okawaru
  4390 | D:5      | Found a blossoming altar of Fedhas.
  5391 | D:6      | Found a burning altar of Makhleb.
  5422 | D:6      | Found Iliblusaa's Assorted Antiques.
  5425 | D:6      | Bought a runed war axe for 98 gold pieces
  5425 | D:6      | Bought a twisted diamond ring for 140 gold pieces
  5519 | D:6      | Reached skill level 8 in Shields
  5930 | D:6      | Acquired Okawaru's first power
  5942 | D:6      | Reached XP level 9. HP: 67/78 MP: 8/8
  6004 | D:6      | Reached skill level 9 in Shields
  6117 | D:7      | Noticed Pikel
  6126 | D:7      | Killed Pikel
  6126 | D:7      | Reached skill level 5 in Dodging
  6690 | D:7      | Reached skill level 10 in Shields
  6799 | D:8      | Reached skill level 1 in Stealth
  7257 | D:8      | Reached XP level 10. HP: 66/88 MP: 9/9
  7361 | D:8      | Noticed an orc knight
  7371 | D:8      | Slain by an orc knight

Action                   |  1- 3 |  4- 6 |  7- 9 | 10-12 || total
-------------------------+-------+-------+-------+-------++-------
Melee: War axe           |   108 |   125 |   386 |    24 ||   643
  Use: Potion            |       |       |     1 |     1 ||     2
       Scroll            |       |       |       |     4 ||     4
  Eat: Chunk             |     2 |     4 |    12 |     1 ||    19
       Pizza             |       |       |     1 |       ||     1
       Beef jerky        |       |       |     1 |       ||     1
